Map: King Sejong Station LE

Players

Fitzyhere - Winner!

  • Race: Zerg Zerg
  • League: Master

Miszu

  • Race: Protoss Protoss
  • League: Master

VOD

Have the link to the VOD?

Description

Time

  • Played on: June 27, 2016, 8:06 p.m.
  • Length: 8:43
Show
View Real Time Build Order
Export as new Build Order

Fitzyhere Zerg - Winner!

Build Orders: Hatch First 

Get SALT Encoding   

  12  0:01  Drone  
  13  0:12  Overlord  
  13  0:19  Drone  
  14  0:31  Drone  
  14  0:32  Drone  
  16  0:36  Drone  
  17  0:52  Hatchery  
  17  0:54  Drone  
  17  1:06  Extractor  
  17  1:09  Spawning Pool  
  15  1:13  Drone  
  15  1:16  Drone  
  17  1:20  Drone  
  18  1:33  Drone  
  19  1:45  Overlord  
  19  1:57  Queen  
  21  2:03  Zergling x2  
  21  2:07  Queen  
  24  2:13  Roach Warren  
  23  2:21  Drone x4  
  27  2:27  Drone  
  28  2:31  Overlord  
  28  2:38  Burrow  
  28  2:54  Roach x2  
  28  2:55  Roach  
  34  3:04  Roach x3  
  39  3:18  Overlord, Drone  
  39  3:19  Drone x3  
  43  3:21  Extractor  
  43  3:23  Evolution Chamber  
  41  3:33  Drone x2  
  43  3:39  Queen  
  45  3:41  Drone x2  
  47  3:51  Drone  
  47  3:54  Zerg Melee Weapons Level 1  
  48  3:58  Drone x3  
  51  4:05  Roach x3  
  51  4:06  Drone  
  51  4:08  Overlord  
  52  4:11  Extractor  
  52  4:14  Drone  
  52  4:18  Lair  
  52  4:20  Overlord  
  52  4:30  Drone  
  53  4:31  Drone  
  53  4:32  Roach x3, Drone x2  
  53  4:35  Drone x2  
  53  4:36  Drone  
  59  4:44  Spore Crawler  
  59  4:45  Drone x2  
  60  4:50  Roach x2, Drone x2  
  60  4:52  Roach x3  
  62  4:55  Drone  
  62  4:56  Roach, Drone x3  
  64  5:02  Drone  
  64  5:05  Metabolic Boost  
  65  5:07  Evolution Chamber  
  62  5:27  Overlord  
  56  5:39  Roach x2  
  56  5:41  Overlord x3  
  60  5:45  Overseer  
  60  5:46  Spine Crawler  
  60  5:47  Spine Crawler  
  60  5:48  Zergling x12  
  60  5:49  Zerg Melee Weapons Level 2, Spine Crawler  
  63  5:50  Zerg Ground Armor Level 1  
  63  5:55  Infestation Pit  
  63  5:56  Spine Crawler  
  61  6:04  Ravager x2  
  62  6:06  Zergling x6  
  66  6:12  Overlord  
  66  6:20  Zergling x10, Hatchery  
  70  6:29  Roach x3  
  76  6:36  Hive  
  76  6:46  Zergling x2  
  78  6:47  Zergling x12  
  78  6:49  Zergling x2  
  78  6:53  Pathogen Glands  
  84  7:01  Ravager  
  84  7:02  Ravager  
  86  7:10  Zergling x12  
  92  7:20  Overlord  
  88  7:39  Zergling x14  
  95  7:45  Zergling x2  
  95  7:46  Zergling x12  
  102  7:59  Infestor x2  
  102  8:03  Overlord x2  
  106  8:08  Overlord  
  106  8:18  Overlord  
  106  8:23  Zergling x6  
  106  8:24  Zergling x10  
Show
View Real Time Build Order
Export as new Build Order

Miszu Protoss 

Build Orders: Nexus First, Blink Stalkers 

Get SALT Encoding   

  12  0:01  Probe (Chrono Boost)  
  13  0:11  Probe (Chrono Boost)  
  14  0:22  Pylon, Probe (Chrono Boost)  
  15  0:40  Probe (Chrono Boost)  
  17  0:58  Nexus  
  16  1:05  Gateway  
  16  1:08  Probe (Chrono Boost)  
  17  1:14  Assimilator  
  17  1:19  Probe (Chrono Boost)  
  18  1:27  Assimilator  
  18  1:29  Probe (Chrono Boost)  
  20  1:40  Probe (Chrono Boost)  
  20  1:52  Cybernetics Core  
  20  1:53  Probe (Chrono Boost)  
  21  1:55  Pylon  
  21  2:03  Probe (Chrono Boost)  
  22  2:10  Probe (Chrono Boost)  
  22  2:14  Probe (Chrono Boost)  
  24  2:29  Stalker, Warp Gate  
  26  2:31  Mothership Core (Chrono Boost)  
  26  2:35  Probe (Chrono Boost)  
  29  2:44  Twilight Council  
  29  2:45  Probe (Chrono Boost)  
  29  2:49  Probe (Chrono Boost)  
  31  2:56  Probe (Chrono Boost)  
  32  3:00  Probe (Chrono Boost)  
  33  3:08  Stalker (Chrono Boost)  
  33  3:09  Probe (Chrono Boost)  
  36  3:16  Blink (Chrono Boost)  
  36  3:18  Gateway  
  36  3:22  Gateway, Probe (Chrono Boost)  
  36  3:24  Probe (Chrono Boost)  
  39  3:34  Probe  
  39  3:36  Probe  
  39  3:41  Sentry (Chrono Boost)  
  42  3:47  Probe  
  43  3:48  Probe  
  43  3:52  Pylon  
  44  4:08  Robotics Facility  
  44  4:12  Probe  
  44  4:13  Probe  
  44  4:15  Assimilator  
  46  4:18  Forge  
  48  4:24  Probe  
  44  4:39  Pylon  
  44  4:43  Stalker x3  
  48  4:55  Pylon  
  48  4:57  Photon Cannon  
  48  4:59  Observer  
  47  5:01  Photon Cannon  
  47  5:08  Probe  
  47  5:11  Probe  
  48  5:17  Stalker  
  48  5:20  Probe  
  49  5:22  Photon Cannon  
  49  5:23  Probe  
  49  5:36  Stalker x2  
  49  5:37  Probe  
  49  5:38  Probe  
  55  5:45  Observer  
  56  5:51  Gateway  
  56  5:54  Gateway  
  56  5:55  Protoss Ground Weapons Level 1 (Chrono Boost)  
  56  6:01  Gateway  
  56  6:08  Pylon  
  56  6:13  Stalker  
  58  6:20  Stalker  
  58  6:23  Stalker  
  62  6:33  Gateway  
  62  6:37  Stalker  
  64  6:53  Stalker x3  
  70  7:08  Stalker x3  
  74  7:14  Pylon  
  76  7:19  Pylon  
  76  7:23  Warp Prism  
  78  7:41  Stalker x4  
  86  7:46  Stalker  
  86  7:47  Sentry  
  90  7:59  Stalker  
  92  8:16  Nexus  
  92  8:17  Probe  
  92  8:18  Probe  
  94  8:24  Pylon  
  94  8:31  Probe x2  
Tags
 
Add a new tag
Caveats
  • Supply blocks, unpowered buildings, or Contaminate may cause inaccurate times.
  • Supply counts are checked every 10 seconds.